 Dungeon Crawl Stone Soup version 0.29.1-15-g9cfb28693d (webtiles) character file.

Game seed: 8087645935709034110

49 Jase the Shield-Bearer (level 4, -9/37 HPs)
             Began as a Formicid Fighter on Apr 20, 2023.
             Mangled by a gnoll
             ... wielding a +0 halberd
              (12 damage)
             ... on level 2 of the Dungeon.
             The game lasted 00:01:23 (1090 turns).

Jase the Shield-Bearer (Formicid Fighter)           Turns: 1090, Time: 00:01:24

Health: -9/37      AC:  7    Str: 23    XL:     4   Next: 2%
Magic:  4/4        EV:  9    Int:  7    God:
Gold:   68         SH:  5    Dex: 13    Spells: 3/3 levels left

rFire   . . .      SeeInvis +   a - +0 flail
rCold   . . .      Faith    .   c - +0 buckler
rNeg    . . .      Spirit   .   b - +0 scale mail
rPois   .          Reflect  .   (helmet unavailable)
rElec   .          Harm     .   (no cloak)
rCorr   .          Rampage  .   (no gloves)
Will    .....                   (no boots)
Stlth   ..........              (no amulet)
HPRegen 0.12/turn               (no ring)
MPRegen 0.09/turn               (no ring)

@: no status effects
A: permanent stasis, dig shafts and tunnels, antennae 3, four strong arms
a: Dig, Shaft Self


You were on level 2 of the Dungeon.
You visited 1 branch of the dungeon, and saw 2 of its levels.

You collected 68 gold pieces.

Inventory:

Hand Weapons
 a - a +0 flail (weapon)
Missiles
 k - 5 stones
Armour
 b - a +0 scale mail (worn)
 c - a +0 buckler (worn)
Jewellery
 h - a ring of protection from fire
Wands
 m - a wand of flame (14)
Scrolls
 f - a scroll of fog {unknown}
 g - 2 scrolls of poison {unknown}
 i - a scroll of identify {unknown}
 j - a scroll of noise {unknown}
 l - a scroll of immolation {unknown}
Potions
 d - a potion of might
 e - a potion of brilliance {unknown}


   Skills:
 + Level 3.8 Fighting
 + Level 2.5 Maces & Flails
 + Level 3.8 Armour
 + Level 4.6 Shields


You had 3 spell levels left.
You didn't know any spells.
Your spell library contained the following spells:

 Spells                   Type           Power      Damage    Failure   Level
 Poisonous Vapours        Pois/Air       0%         N/A       91%         2
 Corpse Rot               Necr/Pois/Air  0%         N/A       100%        4


Dungeon Overview and Level Annotations

Branches:
Dungeon (2/15)

Altars:


Innate Abilities, Weirdness & Mutations

You cannot be hasted, slowed, berserked, paralysed or teleported.
You can dig through walls and to a lower floor.
You have a pair of large antennae on your head. (SInv)
Your four strong arms can wield two-handed weapons with a shield.


Message History

The ball python hisses angrily.
The rat closely misses you.
You closely miss the rat.
A gnoll comes into view. It is wielding a +0 flail. x2
The rat bites you.
You closely miss the rat.
The gnoll shouts! x2
You block the rat's attack. The rat barely misses you.
You barely miss the rat. The rat bites you but does no damage.
An endoplasm comes into view.
You sock the ball python!
You kill the ball python!
The rat completely misses you. The giant cockroach barely misses you.
You hit the giant cockroach.
The giant cockroach is moderately wounded.
You block the giant cockroach's attack. The rat barely misses you.
You thump the giant cockroach!
You kill the giant cockroach!
The rat misses you. You block the gnoll's attack.
The gnoll hits you from afar with a +0 halberd!
The rat closely misses you. The gnoll barely misses you.
You sock the gnoll!
The gnoll is heavily wounded.
The gnoll barely misses you. The gnoll misses you.
The gnoll hits you but does no damage. The rat bites you.
You sock the gnoll!
You kill the gnoll!
The gnoll hits you with a +0 flail.
The gnoll hits you from afar with a +0 halberd!
* * * LOW HITPOINT WARNING * * *
The rat barely misses you.
You have reached level 4!
You feel stronger.
You hit the gnoll.
The gnoll is heavily wounded.
The rat bites you but does no damage. The gnoll hits you with a +0 flail.
* * * LOW HITPOINT WARNING * * *
The rat bites you but does no damage.
The gnoll hits you from afar with a +0 halberd!
You die...

.. .# ... . ...# .# ..
.##.#.# > .######## #.
......##.. .........
#.###......... ..#....#
#..##.#|#... .
....##.#####.##...g. ...
#.#............r#r#..#..
#..# ###...#....@)J.....
##.#### #.......g...#..
##....# #....#.........
####.####†#.....###..##
#####..#...#...### .#
........>##.....# #
............#.....
######...####..#... #
...#.... ...#..


You could see 2 gnolls, an endoplasm and 2 rats.

Vanquished Creatures
  A gnoll (D:2)
  A dart slug (D:2)
  3 endoplasms (D:1)
  3 giant cockroaches
  5 goblins
  A hobgoblin (D:1)
  4 jackals (D:1)
  2 kobolds (D:1)
  2 quokkas (D:1)
  6 ball pythons
  2 bats (D:1)
  A frilled lizard (D:1)
  2 rats
33 creatures vanquished.

Notes
Turn   | Place    | Note
-------+----------+-------------------------------------------
     0 | D:1      | Jase the Formicid Fighter began the quest for the Orb.
     0 | D:1      | Reached XP level 1. HP: 18/18 MP: 1/1
    93 | D:1      | Reached XP level 2. HP: 24/24 MP: 2/2
   454 | D:1      | Reached XP level 3. HP: 27/29 MP: 3/3
  1090 | D:2      | Reached XP level 4. HP: 7/37 MP: 4/4
  1090 | D:2      | Mangled by a gnoll

Illustrated notes

Levels and vault maps discovered:
D:1:      tarquinn_simple_flora_water_c, layout_loops_corners
D:2:      layout_rooms, uniq_crazy_yiuf_cottage

Action                   |  1- 3 |  4- 6 || total
-------------------------+-------+-------++-------
Melee: Flail             |    95 |     1 ||    96
Armor: Scale mail        |    44 |     2 ||    46
Dodge: Dodged            |    44 |       ||    44
Block: Buckler           |    26 |       ||    26
